 Dungeon Crawl Stone Soup version 0.31-a0-1626-g5cb510d322 (webtiles) character file.

Game seed: 2612380160418571020

133 voltaire321 the Digger (level 4, -3/25 HPs)
             Began as a Deep Elf Earth Elementalist on Jan 13, 2024.
             Slain by a hobgoblin (7 damage)
             ... on level 2 of the Dungeon.
             The game lasted 00:03:48 (1321 turns).

voltaire321 the Digger (DEEE)                       Turns: 1321, Time: 00:03:49

Health: -3/25      AC:  2    Str:  7    XL:     4   Next: 93%
Magic:  6/11       EV: 13    Int: 20    God:
Gold:   53         SH:  0    Dex: 15    Spells: 3/10 levels left

rFire   . . .        g - +2 dagger (holy)
rCold   . . .        (no shield)
rNeg    . . .        a - +0 robe
rPois   .            (no helmet)
rElec   .            (no cloak)
rCorr   .            (no gloves)
SInv    .            (no boots)
Will    .....        (no amulet)
Stlth   ++           (no ring)
HPRegen 0.24/turn    (no ring)
MPRegen 0.12/turn

%: no passive effects
@: no status effects
A: no striking features
a: no special abilities


You were on level 2 of the Dungeon.
You visited 1 branch of the dungeon, and saw 2 of its levels.

You collected 53 gold pieces.

Inventory:

Hand Weapons
 g - a +2 dagger of holy wrath (weapon)
Armour
 a - a +0 robe (worn)
Scrolls
 c - a scroll of noise {unknown}
 d - a scroll of identify {unknown}
Potions
 e - a potion of brilliance {unknown}
 f - 3 potions of curing {unknown}


   Skills:
 + Level 1.5 Fighting
 + Level 3.2 Dodging
 + Level 3.5 Stealth
 + Level 3.9 Spellcasting
 + Level 2.0 Conjurations
 + Level 3.9 Earth Magic


You had 3 spell levels left.
You knew the following spells:

 Your Spells              Type           Power      Damage    Failure   Level
a - Sandblast             Erth           38%        2d10      2%          1
b - Passwall              Erth           19%        N/A       8%          3
c - Stone Arrow           Conj/Erth      32%        3d9       11%         3

Your spell library contained the following spells:

 Spells                   Type           Power      Damage    Failure   Level
 Gell's Gravitas          Tloc           3%         N/A       36%         3
 Teleport Other           Tloc           3%         N/A       36%         3
 Brom's Barrelling Bould  Conj/Erth      16%        2d4       36%         4
 Petrify                  Alch/Erth      11%        N/A       50%         4
 Dispersal                Tloc           1%         N/A       100%        6


Dungeon Overview and Level Annotations

Branches:
Dungeon (2/15)

Altars:


Message History

Robin hits you with a +0 dagger.
Aiming: Sandblast (safe; 2% risk of failure)
Press: ? - help, Q - select action Shift-Dir - straight line, f/p - Robin
Aim: Robin, wielding a +0 dagger, wearing a +0 animal skin and wearing a +0 helmet (heavily wounded, 87% to hit)
The blast of sand hits Robin but does no damage.
Robin is heavily wounded.
The goblin shouts!
Robin hits you with a +0 dagger. Robin throws the goblin at you!
Aiming: Sandblast (safe; 2% risk of failure)
Press: ? - help, Q - select action Shift-Dir - straight line, f/p - Robin
Aim: Robin, wielding a +0 dagger, wearing a +0 animal skin and wearing a +0 helmet (heavily wounded, 87% to hit)
The blast of sand hits Robin.
Robin is severely wounded.
The goblin hits you with a +0 dagger. Robin barely misses you.
Aiming: Sandblast (safe; 2% risk of failure)
Press: ? - help, Q - select action Shift-Dir - straight line, f/p - Robin
Aim: Robin, wielding a +0 dagger, wearing a +0 animal skin and wearing a +0 helmet (severely wounded, 87% to hit)
The blast of sand hits Robin!
You kill Robin!
The goblin hits you but does no damage. The hobgoblin barely misses you.
The goblin hits you with a +0 dagger.
* * * LOW HITPOINT WARNING * * *
Aiming: Sandblast (safe; 2% risk of failure)
Press: ? - help, Q - select action Shift-Dir - straight line, f - goblin
Aim: a goblin, wielding a +0 dagger (strong, 77% to hit)
The blast of sand misses the goblin.
The hobgoblin barely misses you. The goblin closely misses you.
A goblin comes into view. It is wielding a +0 dagger.
Your magical contamination has completely faded away.
You closely miss the goblin. The goblin hits you with a +0 dagger.
* * * LOW HITPOINT WARNING * * *
The hobgoblin hits you but does no damage.
Aiming: Sandblast (safe; 2% risk of failure)
Press: ? - help, Q - select action Shift-Dir - straight line, f/p - goblin
Aim: a goblin, wielding a +0 dagger (strong, 77% to hit)
The blast of sand hits the goblin!
You kill the goblin!
The goblin shouts!
The hobgoblin closely misses you. The hobgoblin hits you!
You die...

#..#.##g.........
#..#.##g####...$.
######..#.##†# ....!
#.......>...g# ....
#.####..#.##.# ..## #.#
#..#.##.#####..# #.#
#..#.##..g......
#.####.####.##.###†...g...
#..............)@gg###..#.
######.(###.######.#=#.##
#..# #.# #.###.# #.)#
#.....# #..# .###.?..
######..# # ####.
......†.# .######.###
#...#


You could see a hobgoblin (strong) and 3 goblins.

Vanquished Creatures
  Natasha (twice) (D:2)
  Robin (D:2)
  2 adders (D:2)
  3 dart slugs (D:1)
  3 endoplasms (D:1)
  A giant cockroach (D:1)
  12 goblins
  2 hobgoblins (D:2)
  3 jackals (D:2)
  2 quokkas
  2 ball pythons (D:1)
  4 bats (D:1)
  A frilled lizard (D:1)
  5 kobolds (D:1)
  2 rats (D:1)
45 creatures vanquished.

Notes
Turn   | Place    | Note
-------+----------+-------------------------------------------
     0 | D:1      | voltaire321 the Deep Elf Earth Elementalist began the quest
                  | for the Orb.
     0 | D:1      | Reached XP level 1. HP: 10/10 MP: 6/6
    95 | D:1      | Reached XP level 2. HP: 15/15 MP: 2/8
   556 | D:1      | Found a faded altar of an unknown god.
   556 | D:1      | Noticed an Executioner
   645 | D:1      | Reached XP level 3. HP: 20/20 MP: 6/9
   649 | D:1      | Learned a level 3 spell: Passwall
   653 | D:1      | Learned a level 3 spell: Stone Arrow
  1166 | D:2      | Noticed Natasha
  1172 | D:2      | Killed Natasha
  1173 | D:2      | Reached skill level 1 in Fighting
  1173 | D:2      | Reached XP level 4. HP: 25/25 MP: 6/11
  1175 | D:2      | Noticed Natasha
  1177 | D:2      | Killed Natasha
  1301 | D:2      | Noticed Robin
  1318 | D:2      | Killed Robin
  1321 | D:2      | Slain by a hobgoblin

Illustrated notes

Levels and vault maps discovered:
D:1:      dpeg_arrival_rooms_a, layout_basic,
          dreamdust_ecumenical_altar_sealed_demon
D:2:      layout_loops_ring, item_on_display_a, uniq_natasha, uniq_robin,
          uniq_sigmund

Skill      XL: |  1  2  3  4 |
---------------+-------------+-----
Stealth        | 3 |  3.5
Fighting       | 1 |  1.5
Dodging        | 3 |  3.2
Conjurations   | 2 |  2.0
Spellcasting   | |  3.9
Earth Magic    | |  3.9

Action                     |  1- 3 |  4- 6 || total
---------------------------+-------+-------++-------
  Melee: Dagger            |       |     1 ||     1
   Cast: Sandblast         |    44 |    26 ||    70
    Use: Potion            |       |     1 ||     1
 Armour: Robe              |     3 |    13 ||    16
  Dodge: Dodged            |     9 |    11 ||    20

Table legend: (Time is in decaauts)
 A = Elapsed time spent in this place.
 B = Non-inter-level travel time spent in this place.
 C = Inter-level travel time spent in this place.
 D = Time resting spent in this place.
 E = Time spent auto-exploring this place.
 F = Levels seen in this place.
 G = Mean time per level.
                   A        B        C        D        E       F      G
               +--------+--------+--------+--------+--------+-----+--------+
         Total |   1363 |   1328 |     35 |    183 |    852 |   2 |  681.5 |
       Dungeon |   1363 |   1328 |     35 |    183 |    852 |   2 |  681.5 |
               +--------+--------+--------+--------+--------+-----+--------+

Top non-repeatable levels by time:
     D:1: 1122 daAuts
     D:2: 240 daAuts
